 Dungeon Crawl Stone Soup version 0.21.1-1-g345015f (webtiles) character file.

1062 Monsterracer the Charmwright (level 8, 0/63 HPs)
             Began as a Gnoll Skald on Feb 8, 2018.
             Slain by Lovchig's ghost (11 damage)
             ... on level 5 of the Dungeon.
             The game lasted 00:06:48 (4504 turns).

Monsterracer the Charmwright (Gnoll Skald)          Turns: 4504, Time: 00:06:48

Health: 0/63       AC:  6    Str: 14    XL:     8   Next: 27%
Magic:  5/16       EV: 14    Int: 18    God:
Gold:   366        SH:  0    Dex: 14    Spells: 9/18 levels left

rFire    . . .     SeeInvis .   a - +0 flail
rCold    + . .     Gourm    .   (no shield)
rNeg     . . .     Faith    .   b - +0 leather armour
rPois    .         Spirit   .   (no helmet)
rElec    .         Reflect  .   (no cloak)
rCorr    .         Harm     .   h - +2 pair of gloves
MR       .....                  (no boots)
Stlth    ++........             (no amulet)
HPRegen  1.20/turn              i - ring of protection from cold {!d}
MPRegen  0.15/turn              (no ring)

@: infused, regenerating (expiring)
A: distributed training, fangs 1, strong nose
a: no special abilities


You were on level 5 of the Dungeon.
You were hungry.

You visited 1 branch of the dungeon, and saw 5 of its levels.

You collected 366 gold pieces.

Inventory:

Hand Weapons
 a - a +0 flail (weapon)
Armour
 b - a +0 leather armour (worn)
 h - a +2 pair of gloves (worn)
Jewellery
 i - a ring of protection from cold (left hand) {!d}
Wands
 g - a wand of polymorph (17)
 q - a wand of scattershot (3)
Scrolls
 e - 3 scrolls of identify
 k - a scroll of immolation {!r}
Potions
 d - 2 potions of berserk rage {!q}
 f - 3 potions of curing
 j - a potion of magic
 l - a potion of agility
 m - a potion of cancellation
 n - a potion of lignification
 o - a potion of brilliance
Comestibles
 c - 10 rations
 p - a chunk of flesh


   Skills:
 + Level 5.5 Fighting
 + Level 3.0 Short Blades
 + Level 3.0 Long Blades
 + Level 3.0 Axes
 + Level 5.5 Maces & Flails
 + Level 3.0 Polearms
 + Level 3.0 Staves
 + Level 3.0 Slings
 + Level 3.0 Bows
 + Level 3.0 Crossbows
 + Level 3.0 Throwing
 + Level 4.0 Armour
 + Level 5.5 Dodging
 + Level 3.0 Stealth
 + Level 3.0 Shields
 + Level 3.0 Unarmed Combat
 + Level 5.9 Spellcasting
 + Level 2.4 Conjurations
 + Level 2.4 Hexes
 + Level 6.0 Charms
 + Level 2.4 Summonings
 + Level 2.4 Necromancy
 + Level 2.4 Translocations
 + Level 2.4 Transmutations
 + Level 2.4 Fire Magic
 + Level 2.4 Ice Magic
 + Level 2.4 Air Magic
 + Level 2.4 Earth Magic
 + Level 2.4 Poison Magic
 + Level 3.3 Invocations
 + Level 3.0 Evocations


You had 9 spell levels left.
You knew the following spells:

 Your Spells              Type           Power        Failure   Level  Hunger
a - Infusion              Chrm           ####         1%          1    None
b - Song of Slaying       Chrm           ####....     1%          2    None
d - Spectral Weapon       Hex/Chrm       ###.....     8%          3    ##.....
j - Regeneration          Chrm/Necr      ###.......   8%          3    ##.....


Dungeon Overview and Level Annotations

Branches:
Dungeon (5/15)
 Temple: D:4-7

Altars:
Makhleb
Okawaru
Trog
Yredelemnul
Zin

Shops:
D:5 (

Annotations:
D:5 Lovchig's ghost, novice DDFi


Innate Abilities, Weirdness & Mutations

Your experience applies equally to all skills.
You have very sharp teeth.
Your uncanny sense of smell can sniff out nearby items.


Message History

You take 17 damage, and have 46/63 hp.
MASSIVE DAMAGE!!
Casting: Infusion
Confirm with . or Enter, or press ? or * to list all spells.
You begin infusing your attacks with magical energy.
Lovchig's ghost hits you but does no damage.
You now have 15/16 mp.
Casting: Infusion
Confirm with . or Enter, or press ? or * to list all spells.
Your skin crawls.
Lovchig's ghost barely misses you.
You now have 12/16 mp.
You hit Lovchig's ghost!
Lovchig's ghost is lightly damaged.
Lovchig's ghost hits you but does no damage.
You regained 2 hp, and now have 49/63 hp.
You now have 11/16 mp.
You hit Lovchig's ghost.
Lovchig's ghost is lightly damaged.
Lovchig's ghost closely misses you.
You barely miss Lovchig's ghost.
You bite Lovchig's ghost, but do no damage.
Lovchig's ghost is lightly damaged.
Lovchig's ghost misses you.
You barely miss Lovchig's ghost.
Lovchig's ghost is lightly damaged.
Lovchig's ghost closely misses you.
You regained 2 hp, and now have 53/63 hp.
You hit Lovchig's ghost.
Lovchig's ghost is lightly damaged.
Lovchig's ghost misses you. Lovchig's ghost hits you.
You take 4 damage, and have 49/63 hp.
You now have 11/16 mp.
Unknown command.
You hit Lovchig's ghost.
Lovchig's ghost is moderately damaged.
Lovchig's ghost whispers, "It is all a dream - a grotesque and foolish dream."
Lovchig's ghost hits you.
You take 3 damage, and have 46/63 hp.
You now have 10/16 mp.
You hit Lovchig's ghost but do no damage.
Lovchig's ghost is moderately damaged.
Your skin is crawling a little less now.
Lovchig's ghost hits you!
You take 10 damage, and have 36/63 hp.
You hit Lovchig's ghost but do no damage.
Lovchig's ghost is moderately damaged.
Lovchig's ghost closely misses you.
You hit Lovchig's ghost!
Lovchig's ghost is heavily damaged.
Lovchig's ghost hits you!
* * * LOW HITPOINT WARNING * * *
You take 11 damage, and have 26/63 hp.
You now have 9/16 mp.
You hit Lovchig's ghost but do no damage.
Your bite misses Lovchig's ghost.
Lovchig's ghost is heavily damaged.
Lovchig's ghost says, "You can hit me, but you can't hurt me."
Lovchig's ghost misses you.
You completely miss Lovchig's ghost. You punch Lovchig's ghost.
Lovchig's ghost is heavily damaged.
Lovchig's ghost hits you.
* * * LOW HITPOINT WARNING * * *
You take 3 damage, and have 24/63 hp.
You barely miss Lovchig's ghost.
Lovchig's ghost is heavily damaged.
Your skin stops crawling.
Lovchig's ghost hits you!
* * * LOW HITPOINT WARNING * * *
You take 15 damage, and have 9/63 hp.
MASSIVE DAMAGE!!
Casting: Regeneration
Confirm with . or Enter, or press ? or * to list all spells.
Your skin crawls.
Lovchig's ghost hits you.
* * * LOW HITPOINT WARNING * * *
You take 2 damage, and have 7/63 hp.
You now have 7/16 mp.
Lovchig's ghost closely misses you.
Casting: Regeneration
Confirm with . or Enter, or press ? or * to list all spells.
You draw out your weapon's spirit!
You are feeling hungry.
Lovchig's ghost hits you.
* * * LOW HITPOINT WARNING * * *
You take 2 damage, and have 6/63 hp.
You now have 4/16 mp.
You swap places.
Lovchig's ghost barely misses your spectral weapon.
Lovchig's ghost hits your spectral weapon.
Your skin is crawling a little less now.
Lovchig's ghost barely misses your spectral weapon.
You regained 2 hp, and now have 10/63 hp.
Lovchig's ghost barely misses you.
You thump Lovchig's ghost!
Lovchig's ghost is severely damaged.
Your spectral weapon hits Lovchig's ghost!
Lovchig's ghost closely misses you.
You hit Lovchig's ghost!
Lovchig's ghost is almost destroyed.
Your spectral weapon closely misses Lovchig's ghost.
Lovchig's ghost hits you.
* * * LOW HITPOINT WARNING * * *
You take 3 damage, and have 10/63 hp.
You now have 4/16 mp.
You barely miss Lovchig's ghost.
Lovchig's ghost is almost destroyed.
Your spectral weapon completely misses Lovchig's ghost.
Lovchig's ghost hits you!
You die...

...........##.#.#.#.........##.
...........##.#..........#.....
#...........#.##...............
#.........#...#.........†......
#............##.....≈≈.≈≈..####
#.........##.##.....≈#'#≈..#
#.........##.###....≈#_#≈.##
#######....#.####W..≈#+#≈.##
####.)....@(..≈≈.≈≈..#
##............#....
#...................
#######...............#.#
#.....#..........÷.......
#....................##..
#.....#..............#
#...................##
#.....###..........##


You could see Lovchig's ghost and a friendly spectral flail.

Vanquished Creatures
  Grinder (D:4)
  Eustachio (D:3)
  Sigmund (D:4)
  The ghost of Paps the Sneak, an amateur DsEn (D:3)
  A centaur (D:4)
  2 hounds (D:4)
  A bullfrog skeleton (D:5)
  An iguana (D:3)
  Ijyb (D:4)
  A worker ant (D:4)
  A hound skeleton (D:4)
  A hound zombie (D:5)
  A worker ant zombie (D:5)
  3 gnolls (D:4)
  4 adders
  3 oozes
  A worm (D:3)
  4 dart slugs
  8 leopard geckos
  5 orcs
  A ball python (D:2)
  6 bats
  2 giant cockroaches
  6 goblins
  7 hobgoblins
  2 kobolds (D:2)
  4 quokkas
  4 frilled lizards
  2 rats (D:1)
  2 fungi (D:4)
78 creatures vanquished.

Vanquished Creatures (others)
  A fungus (D:4)
1 creature vanquished.

Grand Total: 79 creatures vanquished

Notes
Turn   | Place    | Note
-------+----------+-------------------------------------------
     0 | D:1      | Monsterracer the Gnoll Skald began the quest for the Orb.
     0 | D:1      | Reached XP level 1. HP: 20/20 MP: 6/6
   146 | D:1      | Reached XP level 2. HP: 22/26 MP: 7/7
   199 | D:1      | Learned a level 2 spell: Song of Slaying
   695 | D:1      | Reached XP level 3. HP: 27/31 MP: 9/9
   814 | D:1      | Reached skill level 5 in Spellcasting
   898 | D:2      | Learned a level 3 spell: Regeneration
   902 | D:2      | Learned a level 3 spell: Spectral Weapon
   908 | D:2      | Found a bloodstained altar of Trog.
  1554 | D:2      | Reached skill level 1 in Invocations
  1993 | D:3      | Reached skill level 1 in Short Blades
  1993 | D:3      | Reached skill level 1 in Long Blades
  1993 | D:3      | Reached skill level 1 in Axes
  1993 | D:3      | Reached skill level 1 in Polearms
  1993 | D:3      | Reached skill level 1 in Staves
  1993 | D:3      | Reached skill level 1 in Slings
  1993 | D:3      | Reached skill level 1 in Bows
  1993 | D:3      | Reached skill level 1 in Crossbows
  1993 | D:3      | Reached skill level 1 in Throwing
  1993 | D:3      | Reached skill level 1 in Stealth
  1993 | D:3      | Reached skill level 1 in Shields
  1993 | D:3      | Reached skill level 1 in Unarmed Combat
  1993 | D:3      | Reached skill level 1 in Evocations
  1993 | D:3      | Reached XP level 4. HP: 38/38 MP: 7/11
  2060 | D:3      | Found a glowing silver altar of Zin.
  2117 | D:3      | HP: 16/38 [iguana (13)]
  2123 | D:3      | HP: 11/38 [iguana (4)]
  2124 | D:3      | HP: 2/38 [iguana (10)]
  2143 | D:3      | Noticed Paps's ghost (amateur DsEn)
  2154 | D:3      | HP: 6/38 [giant cockroach (1)]
  2157 | D:3      | Reached skill level 1 in Conjurations
  2157 | D:3      | Reached skill level 1 in Hexes
  2157 | D:3      | Reached skill level 1 in Summonings
  2157 | D:3      | Reached skill level 1 in Necromancy
  2157 | D:3      | Reached skill level 1 in Translocations
  2157 | D:3      | Reached skill level 1 in Transmutations
  2157 | D:3      | Reached skill level 1 in Fire Magic
  2157 | D:3      | Reached skill level 1 in Ice Magic
  2157 | D:3      | Reached skill level 1 in Air Magic
  2157 | D:3      | Reached skill level 1 in Earth Magic
  2157 | D:3      | Reached skill level 1 in Poison Magic
  2240 | D:3      | HP: 19/38 [poisoned by Paps's ghost]
  2245 | D:3      | HP: 8/38 [poisoned by Paps's ghost]
  2246 | D:3      | Killed Paps's ghost
  2246 | D:3      | Reached XP level 5. HP: 9/43 MP: 0/12
  2476 | D:3      | Found a burning altar of Makhleb.
  2477 | D:3      | Found a basalt altar of Yredelemnul.
  2797 | D:3      | Reached XP level 6. HP: 46/50 MP: 13/13
  2958 | D:4      | HP: 23/50 [hound (4)]
  2962 | D:4      | Reached skill level 5 in Fighting
  2962 | D:4      | Reached skill level 5 in Maces & Flails
  2962 | D:4      | Reached skill level 5 in Dodging
  2988 | D:4      | Noticed Eustachio
  2993 | D:4      | HP: 23/51 [Eustachio/falchion (3)]
  3002 | D:3      | HP: 14/51 [Eustachio/falchion (7)]
  3011 | D:3      | HP: 12/51 [Eustachio/falchion (4)]
  3015 | D:3      | Killed Eustachio
  3015 | D:3      | Reached XP level 7. HP: 10/56 MP: 2/15
  3269 | D:4      | Noticed Grinder
  3278 | D:4      | Paralysed by Grinder for 5 turns
  3288 | D:4      | Paralysed by Grinder for 6 turns
  3292 | D:4      | HP: 23/56 [Grinder (6)]
  3296 | D:4      | HP: 11/56 [Grinder (4)]
  3296 | D:4      | HP: 5/56 [Grinder (6)]
  3297 | D:4      | Killed Grinder
  3318 | D:4      | Noticed Ijyb
  3533 | D:4      | Killed Ijyb
  3645 | D:4      | Noticed Sigmund
  3652 | D:4      | Killed Sigmund
  3652 | D:4      | Reached skill level 6 in Charms
  3652 | D:4      | Reached XP level 8. HP: 57/63 MP: 12/16
  4177 | D:5      | Entered Level 5 of the Dungeon
  4407 | D:5      | Found an iron altar of Okawaru.
  4427 | D:5      | Found Tumaqim's Weapon Emporium.
  4478 | D:5      | Noticed Lovchig's ghost (novice DDFi)
  4490 | D:5      | HP: 26/63 [Lovchig's ghost (13)]
  4493 | D:5      | HP: 9/63 [Lovchig's ghost (15)]
  4503 | D:5      | HP: 10/63 [Lovchig's ghost (5)]
  4504 | D:5      | Slain by Lovchig's ghost

Skill      XL: |  1  2  3  4  5  6  7  8 |
---------------+-------------------------+-----
Spellcasting   | 5 |  5.9
Invocations    | 1 2 3 |  3.3
Short Blades   | 1 2 3 |  3.0
Long Blades    | 1 2 3 |  3.0
Axes           | 1 2 3 |  3.0
Polearms       | 1 2 3 |  3.0
Staves         | 1 2 3 |  3.0
Slings         | 1 2 3 |  3.0
Bows           | 1 2 3 |  3.0
Crossbows      | 1 2 3 |  3.0
Throwing       | 1 2 3 |  3.0
Stealth        | 1 2 3 |  3.0
Shields        | 1 2 3 |  3.0
Unarmed Combat | 1 2 3 |  3.0
Evocations     | 1 2 3 |  3.0
Conjurations   | 1 2 |  2.4
Hexes          | 1 2 |  2.4
Summonings     | 1 2 |  2.4
Necromancy     | 1 2 |  2.4
Translocations | 1 2 |  2.4
Transmutations | 1 2 |  2.4
Fire Magic     | 1 2 |  2.4
Ice Magic      | 1 2 |  2.4
Air Magic      | 1 2 |  2.4
Earth Magic    | 1 2 |  2.4
Poison Magic   | 1 2 |  2.4
Armour         | 3 4 |  4.0
Fighting       | 5 |  5.5
Maces & Flails | 5 |  5.5
Dodging        | 5 |  5.5
Charms         | 6 |  6.0

Action                   |  1- 3 |  4- 6 |  7- 9 || total
-------------------------+-------+-------+-------++-------
Melee: Mace              |   118 |   108 |   111 ||   337
       Bite              |    11 |    11 |    19 ||    41
       Punch             |       |     2 |     3 ||     5
       Unarmed           |       |       |     6 ||     6
       Flail             |       |       |    28 ||    28
 Cast: Infusion          |     2 |     5 |     6 ||    13
       Regeneration      |       |     3 |     4 ||     7
       Spectral Weapon   |       |       |     1 ||     1
  Use: Scroll            |       |    11 |     6 ||    17
       Potion            |       |     1 |       ||     1
 Stab: Sleeping          |     4 |     1 |       ||     5
       Confused          |       |       |     1 ||     1
  Eat: Chunk             |     3 |     4 |     5 ||    12
Armor: Leather armour    |    27 |    22 |    24 ||    73
       Skin              |       |       |     1 ||     1
Dodge: Dodged            |    96 |    89 |    85 ||   270

Vault maps used:
D:1:      giann_bridges
D:2:      trog_butcher_becter
D:3:      zin_academy, gammafunk_temple_overflow_pools, first_ration
D:4:      minmay_gold_behind_fungi, uniq_ijyb, uniq_grinder, uniq_eustachio,
          uniq_sigmund
D:5:      nicolae_ru_sacrificial_ziggurat, kennysheep_mini_moat, serial_shops,
          shop, minmay_misc_feat_tower
